 Dungeon Crawl Stone Soup version 0.24.0-1-gfbc8707122 (webtiles) character file.

Game seed: 649544833286350381, levelgen mode: deterministic

3980 Arum the Fighter (level 10, -8/85 HPs)
             Began as a Formicid Fighter on Oct 28, 2019.
             Was an Elder of Okawaru.
             Mangled by a two-headed ogre
             ... wielding a +0 giant spiked club
              (19 damage)
             ... on level 8 of the Dungeon.
             The game lasted 00:10:10 (6459 turns).

Arum the Fighter (Formicid Fighter)                 Turns: 6459, Time: 00:10:10

Health: -8/85      AC: 15    Str: 26    XL:     10   Next: 46%
Magic:  0/10       EV:  8    Int:  8    God:    Okawaru [****..]
Gold:   353        SH: 12    Dex: 10    Spells: 9/9 levels left

rFire    + + +     SeeInvis +   n - +4 quarterstaff (chaos)
rCold    + . .     Gourm    .   c - +0 shield
rNeg     . . .     Faith    .   p - +0 chain mail of Pesiherr {*Drain rF++ Regen+ Str+2} (curse)
rPois    .         Spirit   +   (helmet unavailable)
rElec    .         Reflect  .   o - +0 cloak
rCorr    .         Harm     .   l - +2 pair of gloves
MR       +....                  h - +0 pair of boots
Stlth    ..........             A - amulet of guardian spirit
HPRegen  0.64/turn              B - ring of protection from cold
MPRegen  0.12/turn              y - ring of protection from fire

@: no status effects
A: permanent stasis, dig shafts and tunnels, four strong arms, antennae 3
a: Dig, Shaft Self, Heroism, Renounce Religion


You were on level 8 of the Dungeon.
You worshipped Okawaru.
Okawaru was greatly pleased with you.
You were not hungry.

You visited 2 branches of the dungeon, and saw 9 of its levels.

You collected 353 gold pieces.

Inventory:

Hand Weapons
 a - a +0 quarterstaff
 n - a +4 quarterstaff of chaos (weapon)
Missiles
 K - a throwing net (quivered)
Armour
 c - a +0 shield (worn)
 h - a +0 pair of boots (worn)
 l - a +2 pair of gloves (worn)
 o - a +0 cloak (worn)
 p - the cursed +0 chain mail of Pesiherr (worn) {*Drain rF++ Regen+ Str+2}
   (You found it on level 8 of the Dungeon)

   It affects your strength (+2).
   It greatly protects you from fire.
   It increases your rate of regeneration.
   It causes draining when unequipped.
   It has a curse placed upon it.
Jewellery
 u - a +2 ring of evasion
 y - a ring of protection from fire (right hand)
 A - an amulet of guardian spirit (around neck)
 B - a ring of protection from cold (left hand)
 E - an uncursed ring of resist corrosion
Wands
 d - a wand of polymorph (9)
 C - a wand of paralysis (8)
 H - a wand of iceblast (9)
Scrolls
 e - 5 scrolls of remove curse {unknown}
 k - a scroll of fear {unknown}
 m - a scroll of enchant weapon {unknown}
 r - 2 scrolls of fog {unknown}
 s - 2 scrolls of immolation {unknown}
 t - 2 scrolls of blinking {unknown}
 w - a scroll of enchant armour {unknown}
 x - 3 scrolls of magic mapping {unknown}
 z - 2 scrolls of teleportation {unknown}
 G - a scroll of brand weapon {unknown}
Potions
 g - 5 potions of curing
 i - a potion of might
 j - 2 potions of brilliance
 q - a potion of resistance
 v - 3 potions of cancellation
 D - a potion of agility {unknown}
 F - a potion of invisibility {unknown}
 I - a potion of heal wounds {unknown}
 J - a potion of haste
Comestibles
 b - 8 chunks of flesh
 f - 18 rations


   Skills:
 + Level 10.2 Fighting
 + Level 9.1 Staves
 + Level 4.1 Armour
 - Level 9.0 Shields


You had 9 spell levels left.
You didn't know any spells.
Your spell library contained the following spells:

 Spells                   Type           Power        Failure   Level  Hunger
 Animate Skeleton         Necr           N/A          95%         1    ##.....
 Apportation              Tloc           #.....       95%         1    ##.....
 Confusing Touch          Hex            #.....       95%         1    ##.....
 Summon Small Mammal      Summ           #...         95%         1    ##.....


Dungeon Overview and Level Annotations

Branches:
Dungeon (8/15)             Temple (1/1) D:6
   Lair: D:8-11

Altars:
Ashenzari
Cheibriados
Dithmenos
Elyvilon
Fedhas
Gozag
Hepliaklqana
Kikubaaqudgha
Makhleb
Okawaru
Qazlal
Ru
Sif Muna
Trog
Uskayaw
Vehumet
Wu Jian
Xom
Yredelemnul
Zin
The Shining One

Annotations:
D:5 1 runed translucent door, Tungsten's ghost, novice OpAE


Innate Abilities, Weirdness & Mutations

You cannot be hasted, slowed, berserked, paralysed or teleported.
You can dig through walls and to a lower floor.
Your four strong arms can wield two-handed weapons with a shield.
You have a pair of large antennae on your head. (SInv)


Message History

You sock the two-headed ogre!
The two-headed ogre is poisoned.
The two-headed ogre is moderately wounded.
The two-headed ogre hits you with a +0 giant spiked club!!
You block the two-headed ogre's attack.
You sock the two-headed ogre! You freeze the two-headed ogre.
The two-headed ogre is moderately wounded.
The two-headed ogre completely misses you.
You block the two-headed ogre's attack.
You hit the two-headed ogre. You freeze the two-headed ogre.
The two-headed ogre is heavily wounded.
The two-headed ogre barely misses you. You block the two-headed ogre's attack.
You hit the two-headed ogre but do no damage.
The two-headed ogre seems to speed up.
The two-headed ogre is heavily wounded.
The two-headed ogre hits you with a +0 giant spiked club!!
You block the two-headed ogre's attack.
The two-headed ogre hits you with a +0 giant spiked club!!
* * * LOW HITPOINT WARNING * * *
The two-headed ogre hits you with a +0 giant club!!
You die...

### #.# #.## #.§ #§#
###§####### #.§§§§§§§..
#O####.#### ########## #@#
........>### #.#
#.........# #.# {
#.........####.#########
#.........'..).........# {
#.........####.#######.#
.##.........# #.# #.#
...####'#'######.#######.#
##.##.........##.........#


You could see a two-headed ogre (berserk).

Vanquished Creatures
  Pikel (D:8)
  Maurice (D:8)
  A troll (D:8)
  A hippogriff (D:7)
  Sigmund (D:4)
  A hungry ghost (D:7)
  Menkaure (D:3)
  4 orc warriors
  A sky beast (D:8)
  A slave (D:8)
  6 ogres
  A black bear (D:7)
  2 centaurs
  Blork the orc (D:4)
  2 bullfrogs
  2 scorpions
  A crimson imp (D:5)
  3 hounds
  3 orc priests
  Crazy Yiuf (D:2)
  2 jellies
  A gnoll shaman (D:2)
  A bullfrog skeleton (D:4)
  Jessica (D:3)
  6 orc wizards
  2 worker ants
  A hound zombie (D:6)
  A hound skeleton (D:5)
  6 gnolls
  A howler monkey skeleton (D:7)
  6 adders
  A river rat (D:3)
  2 oozes
  An adder skeleton (D:4)
  A worm (D:2)
  2 leopard geckos
  35 orcs
  A ball python (D:2)
  5 giant cockroaches
  6 goblins
  8 hobgoblins
  6 jackals
  9 kobolds
  A quokka (D:4)
  6 bats
  10 frilled lizards
  12 rats
169 creatures vanquished.

Vanquished Creatures (others)
  3 slaves (D:8)
3 creatures vanquished.

Grand Total: 172 creatures vanquished

Notes
Turn   | Place    | Note
-------+----------+-------------------------------------------
     0 | D:1      | Arum the Formicid Fighter began the quest for the Orb.
     0 | D:1      | Reached XP level 1. HP: 18/18 MP: 1/1
    78 | D:1      | Reached XP level 2. HP: 23/24 MP: 2/2
   272 | D:1      | Reached XP level 3. HP: 30/30 MP: 3/3
   942 | D:2      | Reached skill level 4 in Fighting
   942 | D:2      | Reached XP level 4. HP: 34/37 MP: 4/4
  1058 | D:2      | Found a runed translucent door.
  1059 | D:2      | Noticed Crazy Yiuf
  1065 | D:2      | Killed Crazy Yiuf
  1065 | D:2      | Reached XP level 5. HP: 43/43 MP: 5/5
  1436 | D:2      | Found a white marble altar of Elyvilon.
  1628 | D:3      | Reached skill level 5 in Shields
  1845 | D:3      | Reached XP level 6. HP: 23/49 MP: 6/6
  2032 | D:3      | Reached skill level 5 in Fighting
  2173 | D:3      | Noticed Jessica
  2176 | D:3      | Killed Jessica
  2224 | D:3      | Found a blossoming altar of Fedhas.
  2224 | D:3      | Found an opulent altar of Gozag.
  2225 | D:3      | Found an iron altar of Okawaru.
  2231 | D:3      | Became a worshipper of Warmaster Okawaru
  2430 | D:4      | Noticed Menkaure
  2430 | D:4      | Noticed an ogre
  2438 | D:3      | Reached XP level 7. HP: 45/56 MP: 7/7
  2587 | D:3      | Killed Menkaure
  2786 | D:4      | Noticed Sigmund
  2794 | D:4      | Killed Sigmund
  2794 | D:4      | Reached * piety under Okawaru
  2794 | D:4      | Reached skill level 6 in Fighting
  2794 | D:4      | Reached skill level 5 in Staves
  2794 | D:4      | Reached XP level 8. HP: 64/64 MP: 8/8
  3148 | D:4      | Reached ** piety under Okawaru
  3158 | D:4      | Noticed Blork the orc
  3163 | D:4      | Killed Blork the orc
  3504 | D:5      | Entered Level 5 of the Dungeon
  3958 | D:5      | Reached skill level 7 in Fighting
  4010 | D:5      | Found a runed translucent door.
  4010 | D:5      | Noticed Tungsten's ghost (novice OpAE)
  4195 | D:6      | Reached XP level 9. HP: 47/72 MP: 9/9
  4353 | D:6      | Found a staircase to the Ecumenical Temple.
  4374 | Temple   | Entered the Ecumenical Temple
  4753 | D:6      | Got a bloodstained spear
  4764 | D:6      | Identified the cursed +1 spear "Eshros" {drain, *Drain
                  | rElec rN+++ SInv} (You found it on level 6 of the Dungeon)
  5035 | D:7      | Reached skill level 8 in Fighting
  5122 | D:7      | Noticed a hippogriff
  5131 | D:7      | Killed a hippogriff
  5131 | D:7      | Reached *** piety under Okawaru
  5551 | D:7      | Reached skill level 9 in Fighting
  5730 | D:8      | Noticed Pikel
  5742 | D:8      | Killed Pikel
  5742 | D:8      | Reached XP level 10. HP: 67/83 MP: 7/10
  5805 | D:8      | Reached **** piety under Okawaru
  6215 | D:8      | Got a fine chain mail
  6216 | D:8      | Identified the cursed +0 chain mail of Pesiherr {*Drain
                  | rF++ Regen+ Str+2} (You found it on level 8 of the Dungeon)
  6248 | D:8      | Found a burning altar of Makhleb.
  6319 | D:8      | Reached skill level 10 in Fighting
  6406 | D:8      | Noticed Maurice
  6418 | D:8      | Killed Maurice
  6449 | D:8      | Noticed a two-headed ogre
  6459 | D:8      | Mangled by a two-headed ogre

Levels and vault maps discovered:
D:1:      giann_forest_graveyard, layout_basic, hangedman_decor_growths
D:2:      layout_basic, lemuel_round_altar, first_ration,
          uniq_crazy_yiuf_cottage
D:3:      layout_loops_cross, gammafunk_temple_overflow_claw,
          kennysheep_generic_room_4, uniq_jessica
D:4:      layout_basic, minmay_misc_feat_five, uniq_menkaure,
          uniq_blork_the_orc, uniq_sigmund
D:5:      layout_loops_ring, gammafunk_ghost_grave
D:6:      layout_cave_pools, minmay_temple_entry_overgrown
D:7:      layout_loops_corners
D:8:      layout_basic, kennysheep_little_box, grunt_ogre_cave, uniq_pikel,
          uniq_grum, uniq_maurice
Temple:   regret_index_temple_sphere_string

Skill      XL: |  1  2  3  4  5  6  7  8  9 10 |
---------------+-------------------------------+-----
Shields        | 4 5 6 8 9 |  9.0
Fighting       | 4 5 6 7 9 10 | 10.2
Staves         | 3 4 5 6 8 9 |  9.1
Armour         | 4 |  4.1

Action                   |  1- 3 |  4- 6 |  7- 9 | 10-12 || total
-------------------------+-------+-------+-------+-------++-------
Melee: Quarterstaff      |    85 |   110 |   222 |    71 ||   488
 Abil: Dig               |     1 |     3 |     3 |       ||     7
  Use: Scroll            |       |       |     7 |     1 ||     8
 Stab: Confused          |       |     1 |     2 |       ||     3
       Paralysed         |       |     1 |     1 |       ||     2
  Eat: Chunk             |       |     5 |    12 |     3 ||    20
Armor: Scale mail        |    27 |    36 |    63 |     4 ||   130
       Chain mail        |       |       |       |     7 ||     7
Dodge: Dodged            |    31 |    23 |    75 |    23 ||   152
Block: Shield            |    56 |    38 |   110 |    35 ||   239
